 Dungeon Crawl Stone Soup version 0.26.1-2-gb8aa6d0cf2 (webtiles) character file.

Game seed: 3194297921377264945

877 Gnirx the Geomancer (level 8, 0/41 HPs)
             Began as a Gargoyle Earth Elementalist on Feb 27, 2021.
             Was an Initiate of Vehumet.
             Slain by a two-headed ogre
             ... wielding a +0 giant club
              (22 damage)
             ... on level 7 of the Dungeon.
             The game lasted 00:12:16 (8590 turns).

Gnirx the Geomancer (Gargoyle Earth Elementalist)   Turns: 8590, Time: 00:12:17

Health: 0/41       AC:  9    Str: 13    XL:     8   Next: 4%
Magic:  13/17      EV: 12    Int: 17    God:    Vehumet [......]
Gold:   378        SH:  0    Dex: 10    Spells: 18/19 levels left

rFire    . . .     SeeInvis .   H - +0 flail (protect)
rCold    . . .     Faith    .   (no shield)
rNeg     + . .     Spirit   .   c - +1 robe
rPois    ∞         Reflect  .   (no helmet)
rElec    +         Harm     .   (no cloak)
rCorr    .         Rampage  .   E - +0 pair of gloves
Will     .....                  (no boots)
Stlth    ++........             B - amulet of regeneration
HPRegen  0.53/turn              (no ring)
MPRegen  0.15/turn              (no ring)

@: no status effects
A: negative energy resistance 1, electricity resistance, unbreathing,
petrification resistance, miasma immunity, AC +5
a: Renounce Religion


You were on level 7 of the Dungeon.
You worshipped Vehumet.
Vehumet was noncommittal.
You visited 2 branches of the dungeon, and saw 8 of its levels.

You collected 378 gold pieces.

Inventory:

Hand Weapons
 g - a +0 short sword
 j - a +0 whip
 m - a +0 shortbow
 r - a +1 flail
 C - a +2 whip of electrocution
 H - a +0 flail of protection (weapon)
Missiles
 b - 189 stones
 v - 38 arrows
Armour
 c - a +1 robe (worn)
 E - a +0 pair of gloves (worn)
Jewellery
 B - an amulet of regeneration (around neck)
Wands
 h - a wand of enslavement (13)
 k - a wand of flame (16)
 D - a wand of disintegration (5)
 F - a wand of acid (9)
Scrolls
 e - 5 scrolls of enchant armour
 p - a scroll of fear
 s - 2 scrolls of noise
 x - a scroll of magic mapping
 y - 2 scrolls of teleportation
 z - 2 scrolls of amnesia
 A - 3 scrolls of remove curse
 G - a scroll of identify
Potions
 a - 2 potions of ambrosia {unknown}
 d - 3 potions of mutation
 f - a potion of cancellation
 i - 2 potions of might {unknown}
 l - a potion of invisibility {unknown}
 n - 4 potions of curing
 o - a potion of magic
 q - a potion of attraction {unknown}
 t - a potion of lignification {unknown}
 u - a potion of flight {unknown}
 w - a potion of heal wounds {unknown}
 I - a potion of haste {unknown}


   Skills:
 - Level 1.5 Dodging
 - Level 2.1 Stealth
 + Level 6.0 Spellcasting
 - Level 0.7 Transmutations
 + Level 8.3 Earth Magic


You had 18 spell levels left.
You knew the following spells:

 Your Spells              Type           Power        Failure   Level
a - Sandblast             Erth           66%          1%          1

Your spell library contained the following spells:

 Spells                   Type           Power        Failure   Level
 Passwall                 Tmut/Erth      16%          3%          2
 Stone Arrow              Conj/Erth      38%          7%          3
 Lee's Rapid Deconstruct  Erth           16%          12%         5
 Animate Skeleton         Necr           10%          13%         1
 Apportation              Tloc           10%          13%         1
 Corona                   Hex            5%           13%         1
 Magic Dart               Conj           20%          13%         1
 Summon Small Mammal      Summ           20%          13%         1
 Blink                    Tloc           N/A          19%         2
 Call Imp                 Summ           5%           19%         2
 Slow                     Hex            5%           19%         2
 Petrify                  Tmut/Erth      20%          21%         4
 Conjure Flame            Conj/Fire      5%           36%         3
 Mephitic Cloud           Conj/Pois/Air  5%           36%         3


Dungeon Overview and Level Annotations

Branches:
Dungeon (7/15)             Temple (1/1) D:6

Altars:
Ashenzari
Cheibriados
Elyvilon
Fedhas
Gozag
Hepliaklqana
Kikubaaqudgha
Makhleb
Okawaru
Qazlal
Ru
Trog
Vehumet
Wu Jian
Xom
Yredelemnul
Zin
The Shining One

Annotations:
D:4 1 runed translucent door, Crazy Yiuf


Innate Abilities, Weirdness & Mutations

You are resistant to torment.
Your stone body is resilient. (AC +5)
You are immune to poison.
You resist negative energy. (rN+)
You are resistant to electric shocks. (rElec)
You can survive without breathing.
You are immune to petrification.
You are immune to miasma.


Message History

Aiming: Sandblast (safe; 1% risk of failure)
Press: ? - help, Q - select action, (/) - cycle Shift-Dir - straight line, f/p - two-headed ogre
Aim: a two-headed ogre, wielding two +0 giant clubs (9% to evade)
The blast of sand hits the two-headed ogre!
The two-headed ogre is lightly wounded.
Unknown command.
Aiming: Sandblast (safe; 1% risk of failure)
Press: ? - help, Q - select action, (/) - cycle Shift-Dir - straight line, f/p - two-headed ogre
Aim: a two-headed ogre, wielding two +0 giant clubs (lightly wounded, 9% to evade)
The blast of sand hits the two-headed ogre!
The two-headed ogre is moderately wounded.
The two-headed ogre barely misses you. x2
Aiming: Sandblast (safe; 1% risk of failure)
Press: ? - help, Q - select action, (/) - cycle Shift-Dir - straight line, f/p - two-headed ogre
Aim: a two-headed ogre, wielding two +0 giant clubs (moderately wounded, 9% to evade)
The blast of sand hits the two-headed ogre!
The two-headed ogre is heavily wounded.
The two-headed ogre hits you with a +0 giant club!! x2
Ouch! That really hurt!
You die...

##.. ....
#.. #.. #.#
# # #.#
.#.#.
##.#......
#.<..#
#@..##
......O..##
...........
.#.....#####
.......
.......
.......
.......


You could see a two-headed ogre.

Vanquished Creatures
  A black bear (D:6)
  An ogre (D:6)
  A bullfrog (D:6)
  A scorpion (D:6)
  A jelly (D:6)
  3 hounds
  2 orc priests
  5 worker ants
  10 gnolls
  6 adders
  A shadow imp (D:4)
  A white imp (D:6)
  An ooze (D:2)
  3 worms
  2 dart slugs (D:1)
  2 leopard geckos
  11 orcs
  3 ball pythons
  10 giant cockroaches
  8 goblins
  8 hobgoblins
  6 jackals
  6 kobolds
  A quokka (D:6)
  6 bats
  5 frilled lizards
  A quokka zombie (D:5)
  7 rats
113 creatures vanquished.

Notes
Turn   | Place    | Note
-------+----------+-------------------------------------------
     0 | D:1      | Gnirx the Gargoyle Earth Elementalist began the quest for
                  | the Orb.
     0 | D:1      | Reached XP level 1. HP: 10/10 MP: 3/3
   651 | D:1      | Reached XP level 2. HP: 15/15 MP: 5/5
   682 | D:1      | Reached skill level 4 in Earth Magic
  1239 | D:1      | Reached XP level 3. HP: 19/19 MP: 6/6
  2291 | D:2      | Found a snail-covered altar of Cheibriados.
  2311 | D:2      | Reached XP level 4. HP: 15/24 MP: 5/8
  2805 | D:2      | Reached skill level 5 in Earth Magic
  3392 | D:2      | Reached XP level 5. HP: 17/28 MP: 8/10
  4384 | D:3      | Found a basalt altar of Yredelemnul.
  4795 | D:4      | Found a runed translucent door.
  4796 | D:4      | Noticed Crazy Yiuf
  4895 | D:4      | Found a hazy altar of Hepliaklqana.
  4958 | D:4      | Found a stormy altar of Qazlal.
  5010 | D:4      | Reached skill level 6 in Earth Magic
  5010 | D:4      | Reached XP level 6. HP: 32/32 MP: 12/12
  5455 | D:5      | Entered Level 5 of the Dungeon
  7017 | D:6      | Noticed a black bear
  7040 | D:6      | Killed a black bear
  7041 | D:6      | Reached skill level 5 in Spellcasting
  7041 | D:6      | Reached skill level 7 in Earth Magic
  7041 | D:6      | Reached XP level 7. HP: 36/36 MP: 12/14
  7341 | D:6      | Found a white marble altar of Elyvilon.
  7396 | D:6      | Found a staircase to the Ecumenical Temple.
  7406 | Temple   | Entered the Ecumenical Temple
  7669 | D:6      | Found a bloodstained altar of Trog.
  7764 | D:6      | Found a glowing golden altar of the Shining One.
  7820 | D:6      | Reached skill level 8 in Earth Magic
  8122 | D:6      | Found a radiant altar of Vehumet.
  8132 | D:6      | Became a worshipper of Vehumet
  8199 | D:6      | Reached XP level 8. HP: 14/41 MP: 12/17
  8583 | D:7      | Noticed a two-headed ogre
  8590 | D:7      | Slain by a two-headed ogre

Illustrated notes

Levels and vault maps discovered:
D:1:      evilmike_arrival_rings, layout_loops_ring,
          chequers_serial_rivers_room_b, minmay_misc_feat_hallway,
          minmay_worlds_worst_comb
D:2:      layout_loops_corners, nicolae_overflow_crystal_walls,
          nrook_loot_triangle
D:3:      layout_rooms, marbit_many_paths, amethyst_killhole
D:4:      layout_loops_ring, nzn_hepliaklqana_mist_gate,
          nicolae_qazlal_eye_of_the_storm, uniq_crazy_yiuf_cottage
D:5:      layout_basic
D:6:      layout_layer_cave, lemuel_crystal_altar, kennysheep_little_box,
          general_overflow_altar, overflow_temple_1_default,
          minmay_temple_entry_large_hall, hex_large
D:7:      layout_rooms, nicolae_dithmenos_shadow_blocks,
          lemuel_coloured_pillars_altar, lemuel_blue_sif_altar,
          nrook_mini_vaults, uniq_harold
Temple:   compressed_dpeg_circular_temple

Skill      XL: |  1  2  3  4  5  6  7 |
---------------+----------------------+-----
Earth Magic    | 4 5 6 7 8 |  8.3
Spellcasting   | 3 4 5 6 |  6.0
Dodging        | |  1.5
Stealth        | |  2.1
Transmutations | |  0.7

Action                   |  1- 3 |  4- 6 |  7- 9 || total
-------------------------+-------+-------+-------++-------
Melee: Unarmed           |    30 |       |       ||    30
       Short sword       |   116 |     9 |       ||   125
       Whip              |       |    78 |    49 ||   127
       Flail             |       |   155 |    38 ||   193
 Cast: Sandblast         |    13 |    33 |     8 ||    54
  Use: Scroll            |       |    16 |       ||    16
 Stab: Sleeping          |     5 |     2 |     2 ||     9
Armor: Robe              |    59 |   119 |    37 ||   215
Dodge: Dodged            |   117 |   207 |    70 ||   394
